 Dungeon Crawl Stone Soup version 0.29.1-15-g9cfb28693d (webtiles) character file.

Game seed: 11668263698928830758

273 protoss039 the Digger (level 6, 47/47 HPs)
             Began as a Demonspawn Earth Elementalist on Mar 13, 2023.
             Got out of the dungeon alive.
             The game lasted 00:02:05 (2847 turns).

protoss039 the Digger (DsEE)                        Turns: 2847, Time: 00:02:06

Health: 47/47      AC:  6    Str:  8    XL:     6   Next: 2%
Magic:  11/11      EV: 12    Int: 18    God:
Gold:   112        SH:  0    Dex: 14    Spells: 6/12 levels left

rFire   . . .      SeeInvis .   t - +1 short sword (protect)
rCold   . . .      Faith    .   (no shield)
rNeg    . . .      Spirit   .   a - +0 robe
rPois   .          Reflect  .   (helmet restricted)
rElec   .          Harm     .   (no cloak)
rCorr   .          Rampage  .   (no gloves)
Will    .....                   (no boots)
Stlth   ++........              (no amulet)
HPRegen 0.15/turn               h - +4 ring of protection
MPRegen 0.24/turn               (no ring)

@: no status effects
A: horns 1, magic regeneration
a: no special abilities


You escaped.
You visited 1 branch of the dungeon, and saw 3 of its levels.

You collected 112 gold pieces.

Inventory:

Hand Weapons
 g - a +0 sling
 t - a +1 short sword of protection (weapon)
Armour
 a - a +0 robe (worn)
Jewellery
 h - a +4 ring of protection (left hand)
Scrolls
 c - a scroll of enchant weapon {unknown}
 d - a scroll of enchant armour {unknown}
 e - a scroll of identify {unknown}
 l - a scroll of silence {unknown}
 m - 2 scrolls of fear {unknown}
 o - 3 scrolls of amnesia {unknown}
 p - a scroll of brand weapon {unknown}
 q - a scroll of poison {unknown}
 r - a scroll of summoning {unknown}
 s - a scroll of immolation {unknown}
Potions
 b - a potion of magic
 f - a potion of brilliance
 i - a potion of heal wounds {unknown}
 j - 3 potions of might {unknown}
 k - a potion of attraction {unknown}
 n - a potion of curing {unknown}


   Skills:
 + Level 3.2 Fighting
 - Level 1.7 Dodging
 - Level 1.7 Stealth
 + Level 3.7 Spellcasting
 - Level 0.8 Transmutations
 + Level 4.1 Earth Magic


You had 6 spell levels left.
You knew the following spells:

 Your Spells              Type           Power      Damage    Failure   Level
a - Sandblast             Erth           36%        2d10      2%          1
b - Passwall              Tmut/Erth      10%        N/A       9%          2
c - Stone Arrow           Conj/Erth      20%        3d8       19%         3

Your spell library contained the following spells:

 Spells                   Type           Power      Damage    Failure   Level
 Petrify                  Tmut/Erth      12%        N/A       47%         4
 Summon Ice Beast         Ice/Summ       3%         N/A       83%         4
 Summon Mana Viper        Hex/Summ       3%         N/A       99%         5
 Monstrous Menagerie      Summ           1%         N/A       100%        7


Dungeon Overview and Level Annotations

Branches:
Dungeon (3/15) Zot: 15097

Altars:
Trog

Shops:
D:3 :


Innate Abilities, Weirdness & Mutations

You have a pair of small horns on your head.
You regenerate magic rapidly.


Message History

You start resting.
Magic restored.
You start resting.
Unknown command.
An endoplasm comes into view.
An endoplasm is nearby!
An endoplasm is nearby!
An endoplasm is nearby!
Found a fuming ruby potion.
No target in view!
No target in view!
No target in view!
No target in view!
No target in view!
No target in view!
No target in view!
No target in view!
No target in view!
No target in view!
No target in view!
No target in view!
No target in view!
No target in view!
No target in view!
HP restored.
There is an entrance to Ylluitra's Book Boutique here.
(D) Dungeon
Where to? (Enter - D:2 @ (x,y), ? - help)
What level of the Dungeon? (default 1, ? - help)
Found a ring mail.
There is a stone staircase leading up, spattered with blood here.
You climb upwards.
There is a stone staircase leading down here.
There is a stone staircase leading up here.
You climb upwards.
There is a stone staircase leading down here.
There is an open door here.
There is a staircase leading out of the dungeon here.
Are you sure you want to leave the Dungeon?
This will make you lose the game!
You have escaped!

#.......#..##.##########..#### #.
#.....#...................# #.
#........###############..######.
....###'##.............##'##.....
######..........⌠........(.######
##...⌠.................⌠...##
##........⌠.........⌠........##
#.............................#
##...⌠..........@..........⌠...#
.#.............................##
.##........⌠.........⌠........###
..##...⌠.................⌠...##.'
...###..........⌠..........######
.....#####.............#####..# #
#.....# ################.###.#
##...## #.###.# #.# #.# #.# ##'##
##.#.## #.# #.# #.#


There were no monsters in sight!

Vanquished Creatures
  Sigmund (D:3)
  An orc wizard (D:3)
  6 adders
  A worm (D:2)
  A dart slug (D:1)
  2 orcs (D:3)
  3 ball pythons
  An endoplasm (D:1)
  3 goblins
  3 hobgoblins
  2 jackals (D:2)
  4 kobolds
  2 bats
  4 frilled lizards
34 creatures vanquished.

Vanquished Creatures (others)
  2 plants (D:3)
2 creatures vanquished.

Grand Total: 36 creatures vanquished

Notes
Turn   | Place    | Note
-------+----------+-------------------------------------------
     0 | D:1      | protoss039 the Demonspawn Earth Elementalist began the
                  | quest for the Orb.
     0 | D:1      | Reached XP level 1. HP: 13/13 MP: 3/3
   609 | D:1      | Gained mutation: You regenerate magic rapidly. [demonic
                  | ancestry]
   609 | D:1      | Reached XP level 2. HP: 20/20 MP: 5/5
   835 | D:1      | Reached skill level 1 in Fighting
  1209 | D:1      | Learned a level 2 spell: Passwall
  1210 | D:2      | Found a bloodstained altar of Trog.
  1221 | D:2      | Reached skill level 3 in Earth Magic
  1340 | D:2      | Reached XP level 3. HP: 20/26 MP: 4/6
  2157 | D:2      | Learned a level 3 spell: Stone Arrow
  2169 | D:3      | Reached XP level 4. HP: 16/33 MP: 3/8
  2562 | D:3      | Noticed Sigmund
  2568 | D:3      | Killed Sigmund
  2569 | D:3      | Reached skill level 4 in Earth Magic
  2569 | D:3      | Gained mutation: You have a pair of small horns on your
                  | head. [demonic ancestry]
  2569 | D:3      | Reached XP level 5. HP: 17/41 MP: 5/10
  2569 | D:3      | Reached XP level 6. HP: 19/47 MP: 5/11
  2580 | D:3      | Found Ylluitra's Book Boutique.
  2847 | D:$      | Got out of the dungeon alive.

Illustrated notes

Levels and vault maps discovered:
D:1:      dpeg_arrival_water_temple_mockup, layout_loops_corners, minivault_27
D:2:      layout_loops_cross, basic_altar
D:3:      layout_loops_cross, nicolae_overflow_hallway_of_the_gods,
          serial_shops, shop, serial_bayou_pond_e, uniq_sigmund

Skill      XL: |  1  2  3  4 |
---------------+-------------+-----
Fighting       | 1 3 |  3.2
Earth Magic    | 3 4 |  4.1
Spellcasting   | 3 |  3.7
Dodging        | |  1.7
Stealth        | |  1.7
Transmutations | |  0.8

Action                   |  1- 3 |  4- 6 || total
-------------------------+-------+-------++-------
Melee: Dagger            |     5 |       ||     5
       Unarmed           |     1 |       ||     1
       Short sword       |       |     9 ||     9
 Fire: Sling             |    73 |    18 ||    91
 Cast: Sandblast         |    22 |    17 ||    39
Armor: Robe              |    43 |    12 ||    55
Dodge: Dodged            |    46 |    16 ||    62
